 Dungeon Crawl Stone Soup version 0.30.1-11-g7821555f0a (webtiles) character file.

Game seed: 4065684343106273791

43362 Nonny the Brawler (level 14, -2/116 HPs)
             Began as a Ghoul Monk on Nov 21, 2023.
             Was an Elder of Qazlal.
             Slain by Snorg (17 damage)
             ... on level 12 of the Dungeon.
             The game lasted 01:13:59 (24040 turns).

Nonny the Brawler (Ghoul Monk)                     Turns: 24040, Time: 01:14:00

Health: -2/116     AC: 13    Str: 20    XL:     14   Next: 23%
Magic:  22/22      EV: 14    Int:  5    God:    Qazlal [****..]
Gold:   1231       SH:  5    Dex: 11    Spells: 13/13 levels left

rFire   . .          .
                       - Unarmed
rCold   + . .        c - orb {light}
rNeg    + + +        I - +0 acid dragon scales
rPois   ∞            y - +0 helmet {SInv}
rElec   .            (no cloak)
rCorr   +            (no gloves)
SInv    +            (no boots)
Will    +....        l - amulet of magic regeneration
Stlth   +            q - +4 ring of protection
HPRegen 0.00/turn    (no ring)
MPRegen 0.58/turn

%: repel missiles
@: inhibited regen, hasted, glowing, very quick
A: claws 1, cold resistance 1, negative energy resistance 3, inhibited
regeneration, torment resistance 2, devour on kill
a: Renounce Religion, Upheaval, Elemental Force


You were on level 12 of the Dungeon.
You worshipped Qazlal.
Qazlal was greatly pleased with you.
You visited 4 branches of the dungeon, and saw 18 of its levels.
You also visited: Sewer.

You collected 1382 gold pieces.
You spent 151 gold pieces at shops.

Inventory:

Missiles
 g - 44 poisoned darts (quivered)
 p - 6 javelins
Armour
 c - an orb of light (worn)
 e - the +0 leather armour "Wiry" {rElec Str+7 Int-2}
   (You found it on level 3 of the Dungeon)

   Str:       It affects your strength (+7).
   Int:       It affects your intelligence (-2).
   rElec:     It insulates you from electricity.
 y - a +0 helmet of see invisible (worn)
 H - a +2 leather armour of cold resistance
 I - +0 acid dragon scales (worn)
Magical Staves
 C - a staff of cold
Jewellery
 l - an amulet of magic regeneration (around neck)
 q - a +4 ring of protection (left claw)
 B - a ring of magical power
Wands
 d - a wand of flame (28)
 s - a wand of mindburst (22)
 v - a wand of digging (8)
 x - a wand of quicksilver (5)
 D - a wand of paralysis (4)
Scrolls
 u - 4 scrolls of teleportation
 w - 2 scrolls of fog
 z - a scroll of poison
 A - 2 scrolls of amnesia
 E - a scroll of noise
 F - 4 scrolls of enchant armour
Potions
 b - a potion of invisibility
 i - 2 potions of magic
 j - a potion of haste
 m - 4 potions of attraction
 r - 2 potions of flight {unknown}
Miscellaneous
 k - a condenser vane
 n - a lightning rod (1/4)


   Skills:
 + Level 8.3 Fighting
 + Level 9.0 Armour
 - Level 7.6 Dodging
 - Level 2.0 Stealth
 - Level 17.0 Unarmed Combat
 - Level 12.6 Invocations
 * Level 4.2 Evocations


You had 13 spell levels left.
You didn't know any spells.
Your spell library contained the following spells:

 Spells                   Type           Power      Damage    Failure   Level
 Freeze                   Ice            0%         1d3       54%         1
 Magic Dart               Conj           0%         1d3       54%         1
 Necrotise                Necr           0%         1d4       54%         1
 Slow                     Hex            0%         N/A       54%         1
 Call Imp                 Summ           0%         N/A       69%         2
 Ensorcelled Hibernation  Hex/Ice        0%         N/A       69%         2
 Lesser Beckoning         Tloc           0%         N/A       69%         2
 Passwall                 Tmut/Erth      0%         N/A       69%         2
 Scorch                   Fire           0%         2d5       69%         2
 Confusing Touch          Hex            0%         N/A       89%         3
 Frozen Ramparts          Ice            0%         1d1       89%         3
 Gell's Gravitas          Tloc           0%         N/A       89%         3
 Hailstorm                Conj/Ice       0%         3d3       89%         3
 Mephitic Cloud           Conj/Pois/Air  0%         N/A       89%         3
 Swiftness                Air            0%         N/A       89%         3
 Teleport Other           Tloc           0%         N/A       89%         3
 Vampiric Draining        Necr           0%         2d6       89%         3
 Anguish                  Hex/Necr       0%         N/A       100%        4
 Cause Fear               Hex            0%         N/A       100%        4
 Flame Wave               Conj/Fire      0%         2d4       100%        4
 Agony                    Necr           0%         N/A       100%        5
 Summon Forest            Summ/Tloc      0%         N/A       100%        5
 Dispersal                Tloc           0%         N/A       100%        6
 Eringya's Noxious Bog    Tmut/Pois      0%         N/A       100%        6
 Summon Cactus Giant      Summ           0%         N/A       100%        6
 Enfeeble                 Hex            0%         N/A       100%        7
 Summon Hydra             Summ           0%         N/A       100%        7
 Borgnjor's Revivificati  Necr           Unusable   N/A       N/A         8
 Necromutation            Tmut/Necr      Unusable   N/A       N/A         8
 Death's Door             Necr           Unusable   N/A       N/A         9

Dungeon Overview and Level Annotations

Branches:
Dungeon (12/15)            Temple (1/1) D:4            Lair (3/5) D:10
  Swamp (0/4) Lair:2       Spider (0/4) Lair:3          Orc (2/2) D:10
    Elf (0/3) Orc:2         Sewer (visited)

Altars:
Cheibriados
Fedhas
Kikubaaqudgha
Makhleb
Nemelex Xobeh
Qazlal
Ru
Trog
Uskayaw
Vehumet
Wu Jian
Xom

Shops:
D:1 [   D:5 :([(   D:9 (   Orc:2 :[!?

Portals:
Pandemonium: Orc:2

Annotations:
D:12 Snorg


Innate Abilities, Weirdness & Mutations

You are immune to poison.
You have sharp fingernails.
Your flesh is cold resistant. (rC+)
You are immune to negative energy. (rN+++)
You do not regenerate when monsters are visible.
You are immune to unholy pain and torment.
You thrive by killing the living.


Message History

You kill the orc!
Qazlal accepts your kill.
No target in view!
No target in view!
No target in view!
HP restored.
Things that are here:
a +0 flail; a +0 leather armour; an orc corpse You hear a shout! x2
Snorg the Insatiable comes into view.
Snorg goes berserk!
You scratch Snorg but do no damage. Snorg bites you!! Snorg misses you.
Snorg claws you!
You claw Snorg!
Snorg is lightly wounded.
Snorg bites you! Snorg claws you. Snorg claws you!
Okay, then.
Okay, then.
You feel yourself speed up. Snorg barely misses you.
Snorg completely misses you. Snorg claws you. Snorg bites you!!
* * * LOW HITPOINT WARNING * * *
Snorg closely misses you. Snorg claws you but does no damage.
Unknown command.
Snorg attacks as you move away! Snorg bites you.
* * * LOW HITPOINT WARNING * * *
You block Snorg's attack. Snorg claws you.
* * * LOW HITPOINT WARNING * * *
You hear a shout!
Unknown command.
Unknown command.
You hear a shout!
Snorg rages.
Snorg attacks as you move away! Snorg bites you but does no damage.
Snorg claws you.
* * * LOW HITPOINT WARNING * * *
Snorg barely misses you. Snorg attacks as you move away! Snorg bites you.
* * * LOW HITPOINT WARNING * * *
Snorg barely misses you. Snorg claws you!
You die...

#.## #..# #..# #...
##.# ##[## #.# #..
#.# #.# #.# #.# #.#
#.# # #.#
#.#######.# #.#
#@##......# #.#
#T##.###### #.#
#.##.# #.# #.##.#
#.######.##.#######
#.......#..........
########.##########
#.# #.#


You could see Snorg (berserk).

Vanquished Creatures
  Frances (D:12)
  2 demonspawn (Orc:2)
  A catoblepas (Lair:2)
  A two-headed ogre (D:12)
  6 death yaks
  7 orc high priests (Orc:2)
  Urug (Orc:1)
  Nergalle (Orc:1)
  3 skysharks
  A pharaoh ant (Lair:3)
  2 bog bodies (Lair:2)
  Pikel (D:4)
  4 orc knights (Orc:2)
  5 orc sorcerers
  3 elephants (Lair:2)
  2 torpor snails (Lair:2)
  2 orange demons (Orc:2)
  9 cane toads
  3 rime drakes
  An unseen horror (D:11)
  7 komodo dragons
  3 trolls
  A hornet (D:8)
  A polar bear (Lair:2)
  5 blink frogs (Lair:3)
  A jumping spider (Lair:3)
  6 wyverns
  7 yaks
  2 redbacks (Lair:3)
  2 basilisks (Lair:2)
  A neqoxec (Orc:2)
  2 steam dragons
  Menkaure (D:6)
  3 wargs
  A swamp worm (Lair:2)
  3 acid dragons
  13 water moccasins
  8 ice beasts
  22 orc warriors
  3 black bears
  4 ogres
  A sky beast (D:6)
  8 wolves
  3 centaurs
  5 kobold brigands
  12 bullfrogs
  2 scorpions
  A gnoll sergeant (D:8)
  8 wights
  18 killer bees
  3 electric eels
  2 howler monkeys
  25 orc priests
  3 gnoll boudas
  A hound (D:7)
  A jelly (D:5)
  A sleepcap (D:7)
  2 iguanas (D:7)
  11 orc wizards
  Robin (D:3)
  17 gnolls
  2 river rats (Sewer)
  10 adders
  2 ufetubi
  2 worms
  3 dart slugs
  54 orcs
  8 endoplasms
  8 giant cockroaches
  15 goblins
  5 hobgoblins (D:3)
  14 jackals
  3 quokkas
  4 ball pythons
  4 bats
  6 frilled lizards (Sewer)
  16 kobolds
  15 rats
448 creatures vanquished.

Vanquished Creatures (collateral kills)
  A demonspawn (Orc:2)
  An ogre (D:6)
  A howler monkey (D:6)
  2 orcs (D:6)
5 creatures vanquished.

Grand Total: 453 creatures vanquished

Notes
Turn   | Place    | Note
-------+----------+-------------------------------------------
     0 | D:1      | Nonny the Ghoul Monk began the quest for the Orb.
     0 | D:1      | Reached XP level 1. HP: 19/19 MP: 0/0
     1 | D:1      | Found a runed translucent door.
    11 | D:1      | Starting vault: the pen.
    27 | D:1      | Reached XP level 2. HP: 17/26 MP: 1/1
   558 | D:1      | Reached XP level 3. HP: 33/33 MP: 2/2
  1160 | D:1      | Found Leomiqus's Antique Armour Shoppe.
  1340 | D:2      | Reached skill level 4 in Unarmed Combat
  1403 | D:2      | Classic 4chamber floor
  1626 | D:2      | You fall into a shaft and drop 2 floors!
  1629 | D:4      | Noticed a lemure
  1633 | D:4      | Noticed Pikel
  1634 | D:4      | Noticed a lemure
  1634 | D:4      | Noticed a lemure
  1634 | D:4      | Noticed a lemure
  1665 | D:4      | Noticed an ogre
  1697 | D:4      | Killed an ogre
  1698 | D:4      | Reached skill level 1 in Armour
  1698 | D:4      | Reached XP level 4. HP: 40/40 MP: 3/3
  1698 | D:4      | Reached XP level 5. HP: 46/46 MP: 4/4
  1699 | D:4      | Reached skill level 5 in Unarmed Combat
  1718 | D:4      | Killed Pikel
  1719 | D:4      | Reached skill level 6 in Unarmed Combat
  1719 | D:4      | Reached XP level 6. HP: 17/52 MP: 5/5
  1719 | D:4      | Reached XP level 7. HP: 19/59 MP: 6/6
  1719 | D:4      | Two haste potions made that quite the daring escape.
  1783 | D:4      | Found a staircase to the Ecumenical Temple.
  1801 | Temple   | Entered the Ecumenical Temple
  1853 | Temple   | Became a worshipper of Qazlal Stormbringer
  1853 | Temple   | Reached * piety under Qazlal
  1853 | Temple   | Reached ** piety under Qazlal
  1904 | D:4      | Found a glowing drain.
  1931 | D:4      | Reached skill level 7 in Unarmed Combat
  2035 | Sewer    | Entered a sewer
  2194 | Sewer    | Reached skill level 1 in Invocations
  2379 | Sewer    | Reached XP level 8. HP: 58/66 MP: 6/8
  2388 | Sewer    | Reached skill level 8 in Unarmed Combat
  2425 | Sewer    | Reached *** piety under Qazlal
  2708 | Temple   | Temple: lava lines
  3727 | D:3      | Identified the +0 leather armour "Wiry" {rElec Str+7 Int-2}
  3835 | D:3      | Identified the +9 hand axe "Nannyupa" {freeze, rElec rF+
                  | Int-3}
  3840 | D:3      | Noticed Robin
  3851 | D:3      | Killed Robin
  4684 | D:2      | D:3 uphatch not viable for orbrun.
  4809 | D:5      | Entered Level 5 of the Dungeon
  4893 | D:5      | Noticed an angel
  4945 | D:5      | Found Tuqac's Antique Armour Emporium.
  4950 | D:5      | Reached skill level 1 in Stealth
  5048 | D:5      | Reached **** piety under Qazlal
  5067 | D:5      | Reached skill level 9 in Unarmed Combat
  5141 | D:5      | Found Lumuodde's Weapon Shoppe.
  5227 | D:5      | Found Beohicze's Antique Weapon Emporium.
  5351 | D:5      | Found Tawokiri's Book Emporium.
  5360 | D:5      | 880 gold for manual of axes
  5641 | D:6      | Noticed Menkaure
  5651 | D:6      | Killed Menkaure
  5652 | D:6      | Reached skill level 10 in Unarmed Combat
  5652 | D:6      | Reached XP level 9. HP: 70/72 MP: 10/10
  6461 | D:7      | Reached skill level 11 in Unarmed Combat
  6781 | D:7      | Reached ***** piety under Qazlal
  6806 | D:7      | Necronomicon in south.
  7481 | D:8      | Noticed a hornet
  7489 | D:8      | Killed a hornet
  7490 | D:8      | Reached skill level 5 in Invocations
  7498 | D:8      | Reached skill level 12 in Unarmed Combat
  7587 | D:8      | staff of cold in hallway
  7670 | D:8      | Reached XP level 10. HP: 45/80 MP: 12/12
  7709 | D:8      | Reached skill level 5 in Fighting
  9314 | D:9      | Reached skill level 13 in Unarmed Combat
  9448 | D:9      | Found Wahuohereh's Weapon Shoppe.
 10427 | D:10     | Entered Level 10 of the Dungeon
 10530 | D:10     | Found a staircase to the Orcish Mines.
 10713 | D:10     | Reached skill level 14 in Unarmed Combat
 10758 | D:10     | Found a staircase to the Lair.
 10764 | D:10     | Icy lair entrance.
 10770 | D:10     | Reached XP level 11. HP: 88/88 MP: 15/15
 11095 | Orc:1    | Entered Level 1 of the Orcish Mines
 11095 | Orc:1    | You fall into a shaft and drop 1 floor!
 11095 | Orc:2    | Entered Level 2 of the Orcish Mines
 11126 | Orc:1    | Noticed Urug
 11601 | Orc:1    | Killed Urug
 11667 | Orc:1    | Noticed an orc sorcerer
 11670 | Orc:1    | Killed an orc sorcerer
 12095 | Orc:1    | Urug spawns with +2 demon trident of flaming.
 12226 | Orc:1    | Noticed Nergalle
 12234 | Orc:1    | Killed Nergalle
 12235 | Orc:1    | Reached skill level 15 in Unarmed Combat
 13029 | Orc:2    | Reached skill level 5 in Dodging
 13192 | Orc:2    | Found a staircase to the Elven Halls.
 13280 | Orc:2    | Noticed an orc knight
 13285 | Orc:2    | Killed an orc knight
 13353 | Orc:2    | Found Zewim's Magic Scroll Emporium.
 13739 | Orc:2    | Found Zucinke's Distillery.
 13974 | Orc:2    | Bought a scroll of noise for 15 gold pieces
 13976 | Orc:2    | Bought a potion of heal wounds for 85 gold pieces
 13976 | Orc:2    | Bought a potion of curing for 51 gold pieces
 14336 | Orc:2    | Noticed an orc knight
 14339 | Orc:2    | Killed an orc knight
 14340 | Orc:2    | Noticed an orc high priest
 14344 | Orc:2    | Killed an orc high priest
 14344 | Orc:2    | Noticed an orc sorcerer
 14345 | Orc:2    | Reached skill level 10 in Invocations
 14345 | Orc:2    | Reached XP level 12. HP: 78/96 MP: 12/18
 14360 | Orc:2    | Noticed an orc high priest
 14361 | Orc:2    | Noticed a demonspawn
 14362 | Orc:2    | Killed an orc high priest
 14362 | Orc:2    | Noticed an orc high priest
 14376 | Orc:2    | HP: 3/96 [demonspawn (5)]
 14654 | Orc:2    | Noticed an orc high priest
 14656 | Orc:2    | Killed an orc high priest
 14672 | Orc:2    | Killed an orc high priest
 14691 | Orc:2    | Noticed a demonspawn
 14724 | Orc:2    | Killed a demonspawn
 14936 | Orc:2    | Noticed an orc high priest
 14936 | Orc:2    | Noticed an orc high priest
 14936 | Orc:2    | Noticed a demonspawn
 14937 | Orc:2    | Noticed an orc high priest
 15381 | Lair:1   | Entered Level 1 of the Lair of Beasts
 17021 | Lair:2   | Noticed a death yak
 17030 | Lair:2   | Noticed a death yak
 17031 | Lair:2   | Noticed a death yak
 17039 | Lair:1   | Killed a death yak
 17103 | Lair:2   | Noticed a death yak
 17103 | Lair:2   | Noticed a death yak
 17103 | Lair:2   | Noticed a death yak
 17133 | Lair:1   | Killed a death yak
 17134 | Lair:1   | Reached XP level 13. HP: 19/104 MP: 21/21
 17585 | Lair:1   | Reached skill level 16 in Unarmed Combat
 17617 | Lair:1   | Reached skill level 5 in Armour
 17942 | Lair:2   | condenser vane west of Swamp entrance
 18255 | Lair:2   | lightning rod in stone wall forest vault
 18292 | Lair:2   | Reached skill level 17 in Unarmed Combat
 18515 | Lair:2   | Reached skill level 1 in Evocations
 18904 | Lair:2   | You fall into a shaft and drop 1 floor!
 18904 | Lair:3   | Found a burning altar of Makhleb.
 19178 | Lair:2   | Found a staircase to the Swamp.
 20916 | Orc:2    | Found Uguif's Antique Armour Boutique.
 20916 | Orc:2    | Found a one-way gate leading to the halls of Pandemonium.
 20916 | Orc:2    | Found Imazoh's Book Shop.
 21394 | D:11     | Reached XP level 14. HP: 114/114 MP: 22/22
 21931 | D:11     | Large vault taking up center of floor. Not a lot of enemies
                  | here.
 22952 | Lair:3   | Found a hole to the Spider Nest.
 23477 | D:12     | Noticed Frances
 23483 | D:12     | Killed Frances
 24021 | D:12     | Noticed Snorg
 24040 | D:12     | Slain by Snorg

Illustrated notes ###+#######+### #..⌠...>...⌠..# #......<......# +⌠....###....⌠+ #......h@.....# #######h####### # ...J.JBr.. #......Jr..... #.............# ############### Turn 11 on D:1: Starting vault: the pen. #........##.# #.# #.# #.##.###.##.# #.# #.# #.##.###.##.# ##+## #.# #.##.....##.###..<## #.####### #.##.##..##.##.....## #.......# #.##.#...##.#.......######.##.# #........##..........####...#.### ####.................+........... ##...####....@....####...#.### #.#..# ##.....>.## ##.##.# #.#.#.# ##.....## #..... #.###..# ##...## #.##.## ## ### ##+## #.##.# #. #.# #.# Turn 1403 on D:2: Classic 4chamber floor #.............##.... #..................# #............####### ##..........## #.....>....# ##..§......# ###§.....!# ###§§#.....# ##.@#####...# #.)## ##### #### # # # # Turn 1719 on D:4: Two haste potions made that quite the daring escape. # .. ....#.......#.......≈≈ ._ .#...#..._..#.......≈≈≈ ... #....#.....#.._.....≈≈ ... ..._ #....#........≈≈≈ . ..#...#.........≈≈ #..#.##......_..≈≈≈ .# .#..##........≈≈ ..#..○.##......≈≈ .....#.@...##....≈≈ ≈≈...#...≈...##.≈≈≈ ≈≈≈≈≈≈≈≈≈≈≈≈≈≈≈≈≈≈≈≈ ≈≈≈≈≈≈≈≈≈≈≈≈≈≈≈≈≈≈≈≈ ≈≈≈≈≈≈≈≈#≈≈≈≈≈≈≈≈≈≈≈ ≈≈≈≈≈≈≈≈#≈≈≈≈≈≈≈≈≈≈ ≈≈≈≈≈≈≈≈#≈≈≈≈≈≈≈≈≈ ≈≈≈≈≈≈≈≈#≈≈≈≈≈≈≈≈≈ Turn 2708 on Temple: Temple: lava lines # ####..............# ### #.############.# .>### #.# #.# ....# ##'## #.# #.#.# ##...###########.# #.#.# ##.....#..........# ..#.###........#####.#..# ..#.##.........####.....# .....'.........'@.......# ..#.##.........###.....## ....###........# #.#.#.# ##### ##.....#.###.###.### # ##...##...........# # ##+###........##.# # #.# #.##..##.##.# # ########.###.##..##.##.# # #.........##.##.....##.# Turn 4684 on D:2: D:3 uphatch not viable for orbrun.

#.....<..# #... #.....
#........# #... #......
#....>...# #... #......
#........# #...
#.....#######........#####...
#.....##...####+#............
#.........○.....#............
#...........§...#............
#.......°...@...#............
#...........§§..#............
#.....##...######............
#.....######.................
#..........#.................
#.....##...+.....#######.....
#######....#.....#.....#.....
#..###.....#.....#.....
#..........#.....#.....


Turn 5360 on D:5: 880 gold for manual of axes #.##### #.....# .# #####.# #.####
#.# #.#.. #.# ###.#.# ?# #.# ##...#.# ##. #.# ##......# .. #.#######..).°..# .#
#..........@....###.# #########○..........#### ##☼..○.........#
##.§.#........##. #####......>.... ###...##.#.# #...# # #...# #..... Turn 6806
on D:7: Necronomicon in south. #..#.# #..#.####### #..#.......# ...#######.#
.... #.############### ###. #.#.....†.......# #.#.#########.###
#.#.#########.### #@#.#...........# #.#.#.########### #.#####.#.#.#...†....<#
#.......#.#.#.######### ########.#.#.#.# .........#.#.#.#### ########.#.#.#....#
#.#.#.####.# #.#.#.# #.# Turn 7587 on D:8: staff of cold in hallway
.......#....... ..........#........... ....#.#...............
.............†....### ....#.#........#### ##..#.............#
##...#.#....~......# ...#.§..°#............# ......○@§...#.........##
.......Y.#.........#.... #.###.§.#.#........'.### ##.###.........### #..
#....###..# .... ........#.## ...#.#..........# ...............## .........>.
Turn 10764 on D:10: Icy lair entrance. #.....#.....##..... ....#.............
......[.......#.### #............#...# ###................ ##........[[).......
#..[..)[[[°<☼..###. ............)....# ............#@#.## ..........[.°.÷##
...#..........○.# #.#...............$ # ##.........##.#... #.......### ###....
##.....## ...# #..#.## ..# ...## .. Turn 12095 on Orc:1: Urug spawns with +2
demon trident of flaming. #.. .♣ #.. .♣ #.# .♣ ###.#####.♣ ♣ #.###.#...##..♣ ♣
.............♣♣~ ♣♣♣ #.○.......♣♣~♣ ~♣♣ #@.........♣~. ≈♣. ##.........♣≈.♣~♣.
#.........♣≈..~♣. #>........♣~♣.~♣. #..........♣♣.†♣♣. .............♣..♣..
#.#.####...#..♣..♣.. ###. ###..#..⌠⌠... #..###....#. Turn 17942 on Lair:2:
condenser vane west of Swamp entrance ♣...♣...♣ ♣.....#..####
♣.♣.♣.♣.♣♣♣♣...♣#.## # ♣.♣.♣.♣.♣...♣.♣.#Y.##P# ♣.♣.♣.♣.♣.♣.♣♣...♣#......
♣.[.....♣...♣.....#Y...## ###############.###....# #.....### ♣.♣ #...P#
......○.#♣♣#♣♣.♣ #.#### $(.~P$!@.....†♣..#.# ........#♣♣#♣♣.♣♣#.. #.....### .♣
#.P ###### .# .♣ ♣. ♣ Turn 18255 on Lair:2: lightning rod in stone wall forest
vault ####### ####.....### # ##..........# ## ### #.@>.......#### ##. ..##
#.............###.. ...## #.........###...... ....## #..>.....## ##....# .....#
##......## ##...... .....# ### ##..###### #....... ....## ##.###..## ##.......
...## ###......#### ###........ ...# #....###....#####....###... Turn 21931 on
D:11: Large vault taking up center of floor. Not a lot of enemies here.

Levels and vault maps discovered:
D:1:      dpeg_arrival_caged_fury, layout_basic, serial_shops,
          nicolae_shop_window_shopping
D:2:      layout_loops_corners, minmay_hexomino_u4
D:3:      layout_basic, uniq_robin
D:4:      layout_cave_pods, minmay_temple_entry_crystal_x,
          gup_sewer_entry_glass, uniq_pikel
D:5:      layout_gridville, zin_angel, serial_shops,
          nicolae_shop_competitors_out_of_business, shop,
          nicolae_shop_temple_entry_statues_fountains, shop,
          kennysheep_generic_room_9
D:6:      layout_basic, chequers_serial_rivers_micro_a,
          chequers_serial_rivers_micro_c, uniq_menkaure
D:7:      layout_loops_ring
D:8:      layout_basic, minmay_misc_feat_iff
D:9:      layout_stronghold, serial_shops, shop, water_boxes_lemuel
D:10:     layout_basic, hellmonk_lair_entry_icy, orc_0_dummy
D:11:     nicolae_hitomezashi [nicolae_hito_row, nicolae_hito_row,
          nicolae_hito_row, nicolae_hito_row, nicolae_hito_row,
          nicolae_hito_row, nicolae_hito_row, nicolae_hito_row,
          nicolae_hito_row, nicolae_hito_row, nicolae_hito_row,
          nicolae_hito_row, nicolae_hito_row, nicolae_hito_row,
          nicolae_hito_row, nicolae_hito_row, nicolae_hito_row,
          nicolae_hito_row], layout_cave_pods, grunt_ministairs_7
D:12:     layout_loops_ring, uniq_snorg, uniq_frances, uniq_josephine,
          uniq_sonja
Temple:   regret_index_temple_sigil_plot
Lair:1:   layout_regular_city, nicolae_quartered_pool_medium
Lair:2:   nzn_winding_woodlands_medium [nzn_winding_woodlands_5x5_closed_star,
          nzn_winding_woodlands_5x15_pathside_ponds,
          nzn_winding_woodlands_5x5_checkerboard,
          nzn_winding_woodlands_5x5_cross, nzn_winding_woodlands_center_garden,
          nzn_winding_woodlands_5x5_open_star, nzn_winding_woodlands_hourglass,
          nzn_winding_woodlands_5x15_sidewinder,
          nzn_winding_woodlands_5x5_three], layout_small_grid,
          nicolae_swamp_entry_splash_gauntlet, beast_lair_carwin_3
Lair:3:   layout_concentric_octagons, nicolae_spider_entry_lesser_pyramids,
          basic_altar
Orc:1:    layout_caves, uniq_urug, uniq_nergalle
Orc:2:    pf_orc_diabolical, layout_caves

Skill      XL: |  1  2  3  4  5  6  7  8  9 10 11 12 13 14 |
---------------+-------------------------------------------+-----
Dodging        | 3 4 6 7 |  7.6
Unarmed Combat | 4 6 7 10 12 14 15 17 | 17.0
Armour         | 1 3 4 7 9 |  9.0
Fighting       | 4 5 6 7 8 |  8.3
Invocations    | 1 3 5 6 10 12 | 12.6
Stealth        | 1 2 |  2.0
Evocations     | 3 4 |  4.2

Action                     |  1- 3 |  4- 6 |  7- 9 | 10-12 | 13-15 || total
---------------------------+-------+-------+-------+-------+-------++-------
  Melee: Unarmed           |    85 |    19 |   396 |   455 |   328 ||  1283
  Throw: Dart              |       |       |       |     1 |       ||     1
 Invoke: Upheaval          |       |       |     1 |    33 |       ||    34
         Elemental Force   |       |       |       |       |     1 ||     1
  Evoke: Wand              |       |       |       |     7 |     5 ||    12
         Lightning rod     |       |       |       |       |     6 ||     6
    Use: Potion            |     3 |       |     2 |     7 |     5 ||    17
         Scroll            |     1 |       |    11 |     7 |     7 ||    26
   Stab: Paralysed         |       |       |       |       |     5 ||     5
         Distracted        |       |       |       |       |     1 ||     1
 Armour: Robe              |     3 |       |       |       |       ||     3
         Ring mail         |    34 |     2 |    38 |       |       ||    74
         Plate armour      |    10 |       |       |       |    89 ||    99
         Scale mail        |       |       |    70 |       |       ||    70
         Steam dragon scal |       |       |     4 |   102 |       ||   106
         Acid dragon scale |       |       |       |       |    25 ||    25
  Dodge: Dodged            |    85 |     2 |   151 |   230 |   111 ||   579
         Repelled          |       |       |       |     4 |       ||     4
  Block: Orb               |       |       |    56 |    92 |    32 ||   180
